cohdb
Replays
Latest Replays
All Replays
Popular Replays
Top Player Replays
Match Explorer
How It Works
Community
CoH3 Stats
Reddit
Sign in to upload your games and track your stats! →
Sign in with Steam
Match 42780156
Unlisted
Match 42780156
Overview
Messages
Build Orders
End
Scout Squad
Construct Barracks
Riflemen Squad
Riflemen Squad
Grenade Package
M1 Mortar Team
Construct Weapon Support Center
M1919 Machine Gun Team
Mechanized Support Center
Construct Medical Station
Bazooka Squad
Bazooka Squad
Construct Motor Pool
M3 75 mm Gun Motor Carriage
M1919 Machine Gun Team
matrix4x4
동동구리
0
0
Comments
sign in to comment!
No comments posted yet!